[Event "*** MasterClass Titled Tuesday Blitz"]
[Site "Chess.com"]
[Date "2017.07.04"]
[Round "4"]
[White "AkshatChandra"]
[Black "GMKrikor"]
[Result "1-0"]
[WhiteElo "2657"]
[BlackElo "2467"]
[TimeControl "180+2"]
[EndTime "13:50:32 PDT"]
[Termination "AkshatChandra won by resignation"]

1. d4 Nf6 2. Nf3 e6 3. Bf4 d5 4. e3 c5 5. c3 Nc6 6. Nbd2 cxd4 7. exd4 Nh5 8. Be3 Bd6 9. Ne5 g6 10. g4 Nf6 11. f4 Nd7 12. Bd3 O-O 13. h4 f6 14.
Nxd7 Bxd7 15. Qf3 Rc8 16. f5 Ne7 17. fxg6 Nxg6 18. h5 Ne7 19. Bh6 Rf7 20. O-O Kh8 21. Kh1 e5 22. dxe5 Bxe5 23. Rae1 Nc6 24. g5 Be6 25. g6 Rd7 26. Rg1 Rcc7 27. Rg2 d4 28. c4 hxg6 29. hxg6 Kg8 30. g7 Qe8 31. Ne4 Rf7 32. Qh5 Ne7 33. Nxf6+ Bxf6 34. Bh7+ Kxh7 35. Bc1+ 1-0

[Event "*** MasterClass Titled Tuesday Blitz"]
[Site "Chess.com"]
[Date "2017.07.04"]
[Round "4"]
[White "Muisback26"]
[Black "Tonychess32"]
[Result "1-0"]
[WhiteElo "2616"]
[BlackElo "2450"]
[TimeControl "180+2"]
[EndTime "13:50:38 PDT"]
[Termination "Muisback26 won on time"]

1. e4 e5 2. Nf3 Nc6 3. Bc4 Bc5 4. c3 Nf6 5. d3 d6 6. a4 a6 7. Bg5 h6 8. Bh4 O-O 9. Nbd2 Ba7 10. Qc2 Be6 11. O-O-O Rb8 12. Bd5 Re8 13. g4 Bxg4 14.
Rhg1 Be6 15. d4 Kf8 16. dxe5 Nxe5 17. Nxe5 dxe5 18. Nc4 Qe7 19. f4 Bxg1 20. fxe5 g5 21. exf6 Qc5 22. e5 Kg8 23. b4 Qxd5 24. Rxd5 Bxd5 25.
Bxg5 hxg5 26. Qf5 Be4 27. Qxe4 Re6 28. Qg4 Kf8 29. Qxg1 Rd8 30. Qxg5 Rc6 31. e6 Rxe6 32. Qg7+ Ke8 33. Qg8+ Kd7 34. Qxf7+ 1-0

[Event "*** MasterClass Titled Tuesday Blitz"]
[Site "Chess.com"]
[Date "2017.07.04"]
[Round "4"]
[White "Iball95"]
[Black "Al_Shima"]
[Result "1/2-1/2"]
[WhiteElo "2526"]
[BlackElo "2358"]
[TimeControl "180+2"]
[EndTime "13:50:38 PDT"]
[Termination "Game drawn - insufficient material"]

1. e4 d5 2. exd5 Nf6 3. d4 Nxd5 4. Nf3 Bf5 5. Be2 e6 6. O-O Be7 7. Re1 O-O 8. a3 Nc6 9. c4 Nb6 10. Nc3 Bf6 11. Be3 Qe7 12. c5 Nd5 13. Nxd5 exd5 14. Qb3 Qd7 15. Qxb7 a6 16. Qb3 Be4 17. Qc3 a5 18.
Nd2 a4 19. Bb5 Rfb8 20. Nxe4 dxe4 21. Qc4 Na5 22. Bxd7 Nxc4 23. Bc6 Ra6 24. Bxe4 Nxe3 25. fxe3 Rxb2 26. Rab1 Rxb1 27. Rxb1 g6 28. Bd5 c6 29. Bc4 Ra7 30. Rb8+ Kg7 31. Rc8 Re7 32. Rxc6 Rxe3 33. d5 Rc3 34. Bb5 Rxc5 35. d6 Rxc6 36. Bxc6 Kf8 37. Bxa4 Bb2 38. d7 Ke7 39. Bb3 Bxa3 40. Bxf7 Kxd7 41. Bg8 Ke7 42. Bxh7 Kf7 43. g4 Kg7 44. Bxg6 Kxg6 45. Kg2 Kg5 46. h4+ Kxh4 47. g5 Kxg5 1/2-1/2

[Event "*** MasterClass Titled Tuesday Blitz"]
[Site "Chess.com"]
[Date "2017.07.04"]
[Round "4"]
[White "nihalsarin"]
[Black "A-Fier"]
[Result "1/2-1/2"]
[WhiteElo "2639"]
[BlackElo "2562"]
[TimeControl "180+2"]
[EndTime "13:50:39 PDT"]
[Termination "Game drawn by stalemate"]

1. d4 Nf6 2. Nf3 g6 3. c4 Bg7 4. Nc3 d5 5. cxd5 Nxd5 6. e4 Nxc3 7. bxc3 c5 8. Bb5+ Nd7 9. O-O O-O 10. Re1 a6 11. Bf1 b5 12. a4 b4 13. cxb4 cxb4 14. a5 Rb8 15. Bd2 Nf6 16. h3 Bb7 17. Bxb4 Nxe4 18.
Bd3 Nd6 19. Qe2 Bxf3 20. Qxf3 Rxb4 21. Bxa6 Bxd4 22. Ra2 Qa8 23. Qe2 Rfb8 24. Rd2 Rb2 25. Red1 Rxd2 26. Rxd2 Qa7 27. Ra2 e5 28. Bd3 Nb7 29.
a6 Nc5 30. Bc4 e4 31. g3 Re8 32. Qd2 Ne6 33. Kg2 e3 34. fxe3 Bxe3 35. Qd5 Qa8 36. Qxa8 Rxa8 37. Re2 Ba7 38. Bxe6 fxe6 39. Rxe6 Rf8 40.
h4 Rf7 41. Kh3 Kg7 42. h5 Bd4 43. hxg6 hxg6 44. Rd6 Bf2 45. Kg2 Kh6 46. Rd3 Ba7 47.
Rd6 Rf2+ 48. Kh3 Ra2 49. Kg4 Ra4+ 50. Kh3 Ra3 51. Kg2 Bb8 52. Rd8 Bxg3 53. a7 Rxa7 54. Kxg3 Ra3+ 55. Kg2 Kh5 56. Rd4 g5 57. Rb4 g4 58.
Rb8 Ra5 59. Rh8+ Kg5 60. Rg8+ Kf4 61. Rf8+ Rf5 62. Rxf5+ Kxf5 63. Kg3 Kg5 64. Kg2 Kh4 65. Kh2 g3+ 66. Kg2 Kg4 67. Kg1 Kf4 68. Kg2 Kg4 69. Kg1 Kf3 70. Kh1 g2+ 71. Kg1 Kg3 1/2-1/2

[Event "*** MasterClass Titled Tuesday Blitz"]
[Site "Chess.com"]
[Date "2017.07.04"]
[Round "4"]
[White "hypert"]
[Black "petrpalachev"]
[Result "1-0"]
[WhiteElo "2360"]
[BlackElo "2501"]
[TimeControl "180+2"]
[EndTime "13:50:42 PDT"]
[Termination "hypert won by resignation"]

1. e4 e6 2. d4 d5 3. Nc3 Nf6 4. e5 Nfd7 5. f4 c5 6. Nf3 Nc6 7. Be3 a6 8. Be2 b5 9. O-O Bb7 10. Qe1 cxd4 11. Nxd4 Bc5 12. Qf2 Bxd4 13. Bxd4 Nxd4 14.
Qxd4 Qb6 15. Rad1 b4 16. Na4 Qxd4+ 17. Rxd4 a5 18. Bb5 Ba6 19. Bxa6 Rxa6 20. Rf3 Ke7 21. Rg3 g6 22. c3 Rb8 23. b3 Rc6 24. h4 Nb6 25.
Nxb6 Rbxb6 26. cxb4 axb4 27. Rgd3 Rc1+ 28. Rd1 Rbc6 29.
Rxc1 Rxc1+ 30. Kh2 Rc2 31. Rxb4 Rxa2 32. Rb7+ Kf8 33. Kg3 h5 34. Kf3 Rc2 35. b4 Rc3+ 36. Ke2 Rg3 37. Kf2 Rb3 38. b5 Rb2+ 39. Kf3 Rb3+ 40.
Ke2 Rb4 41. g3 Rb3 42. Kf2 Ke8 43. b6 d4 44. Ke2 Rxg3 45. Rc7 1-0

[Event "*** MasterClass Titled Tuesday Blitz"]
[Site "Chess.com"]
[Date "2017.07.04"]
[Round "4"]
[White "jk13"]
[Black "ChessQueen"]
[Result "0-1"]
[WhiteElo "2391"]
[BlackElo "2525"]
[TimeControl "180+2"]
[EndTime "13:50:44 PDT"]
[Termination "ChessQueen won by resignation"]

1. e4 c5 2. c3 Nf6 3. e5 Nd5 4. Bc4 e6 5. Nf3 d6 6. d4 cxd4 7. cxd4 dxe5 8. dxe5 Bb4+ 9. Nbd2 O-O 10. O-O Nb6 11.
Bb3 Bd7 12. Qe2 Bc6 13. Ne4 N8d7 14. Bg5 Be7 15. Bf4 Bxe4 16. Qxe4 Nc5 17. Qe3 Nxb3 18.
Qxb3 Qd5 19. Qxd5 Nxd5 20. Bg5 Bc5 21. Rac1 Rfc8 22. a3 a5 23. Rc2 Rc6 24. Rfc1 Rac8 25. Kf1 h6 26. Bd2 a4 27. Rc4 Nb6 28. R4c2 Kh7 29.
Ba5 Nd5 30. Rc4 Ba7 31. Rxc6 Rxc6 32. Rxc6 bxc6 33. g3 Kg6 34. Ke2 Kf5 35. h4 Ke4 36. Bd2 Bd4 37. Nxd4 Kxd4 38. f4 Kc4 39. Bc1 h5 40. Kd2 Ne7 41. Ke3 Nf5+ 42. Kf3 Kd3 43.
g4 hxg4+ 44. Kxg4 Kc2 0-1

[Event "*** MasterClass Titled Tuesday Blitz"]
[Site "Chess.com"]
[Date "2017.07.04"]
[Round "4"]
[White "Blitzking4444"]
[Black "dolynachess"]
[Result "0-1"]
[WhiteElo "2239"]
[BlackElo "2335"]
[TimeControl "180+2"]
[EndTime "13:50:50 PDT"]
[Termination "dolynachess won on time"]

1. e4 e6 2. d4 d5 3. Nd2 dxe4 4. Nxe4 Bd7 5. Nf3 Bc6 6. Bd3 Nd7 7. Qe2 Ngf6 8.
Ned2 Be7 9. O-O O-O 10. Re1 Bxf3 11. Qxf3 c6 12. Qh3 g6 13. Nf3 Re8 14. Bg5 Bf8 15. c4 Bg7 16. Qh4 Qc7 17. Re3 c5 18. Rae1 cxd4 19. Nxd4 a6 20. Rh3 e5 21. Nc2 e4 22.
Bf1 h5 23. Ne3 Qa5 24. a3 Qxe1 25. Qf4 Rac8 26. g4 hxg4 27. Nxg4 Nxg4 28. Qxg4 Ne5 29. Qf4 Nf3+ 30. Kg2 Nxg5 31. Qxg5 Re5 32. Qg4 Rce8 33.
Qh4 Rh5 34. Qg4 Rxh3 35. Qxh3 e3 36. fxe3 Qxe3 0-1

[Event "*** MasterClass Titled Tuesday Blitz"]
[Site "Chess.com"]
[Date "2017.07.04"]
[Round "4"]
[White "DrVelja"]
[Black "mokerslag"]
[Result "1-0"]
[WhiteElo "2570"]
[BlackElo "2470"]
[TimeControl "180+2"]
[EndTime "13:50:52 PDT"]
[Termination "DrVelja won by checkmate"]

1. e4 c5 2. Nf3 e6 3. d4 cxd4 4. Nxd4 Nf6 5. Nc3 Nc6 6. Nxc6 bxc6 7. e5 Nd5 8. Ne4 Qc7 9. f4 Qb6 10. c4 Ne3 11. Qd3 Bb4+ 12. Ke2 Nxc4 13. Kf3 Ba6 14.
Qc2 Qd4 15. Be2 g5 16. Nf6+ Kf8 17. Rd1 Bd2 18. Bxd2 Nxe5+ 19. fxe5 g4+ 20. Kg3 Qxe5+ 21. Bf4 Qxf6 22. Bxa6 h5 23. Qc5+ Ke8 24. Qe5 h4+ 25. Kf2 g3+ 26. hxg3 hxg3+ 27. Kf3 Qh4 28. Rh1 Qxh1 29.
Rxh1 Rxh1 30. Bg5 Kf8 31. Bf6 Rh7 32. Qd6+ Kg8 33. Qxg3+ Kf8 34. Bd3 Rh5 35. Qg7+ Ke8 36. Qg8# 1-0

[Event "*** MasterClass Titled Tuesday Blitz"]
[Site "Chess.com"]
[Date "2017.07.04"]
[Round "4"]
[White "Divertissement"]
[Black "gmcorrales"]
[Result "1-0"]
[WhiteElo "2425"]
[BlackElo "2599"]
[TimeControl "180+2"]
[EndTime "13:50:54 PDT"]
[Termination "Divertissement won by checkmate"]

1. d4 Nf6 2. Nf3 g6 3. Bg5 Bg7 4. Nbd2 d5 5. e3 O-O 6. Be2 Nbd7 7. O-O c6 8. c4 Re8 9. cxd5 Nxd5 10. Rc1 h6 11.
Bh4 N5b6 12. Nb3 a5 13. Nc5 Nxc5 14. Rxc5 Be6 15. a3 a4 16. Qd2 Bd5 17. Rfc1 Qd7 18.
Qb4 Nc8 19. Ne5 Bxe5 20. dxe5 Qf5 21. Qxb7 Ra7 22. Qb4 Qxe5 23. Bg3 Qe6 24. Bg4 f5 25.
Bd1 Nd6 26. Bxa4 Rb7 27. Qe1 Ne4 28. R5c2 Rb6 29. f3 Nxg3 30. hxg3 Ra8 31. b3 Raa6 32. Qd2 Bxb3 33. Bxb3 Rxb3 34. Rc3 Raxa3 35. Qd8+ Kg7 36.
Rxc6 Qxe3+ 37. Kh2 f4 38. Rc8 fxg3+ 39. Kh1 Kf6 40.
Qf8+ Kg5 41. R8c5+ e5 42. Qe7+ Kf5 43. Qd7+ Kg5 44. Qg4+ Kf6 45. Rc6+ Ke7 46. Qe6+ Kd8 47. Rc8# 1-0

[Event "*** MasterClass Titled Tuesday Blitz"]
[Site "Chess.com"]
[Date "2017.07.04"]
[Round "4"]
[White "SuperCheese"]
[Black "ulises2013"]
[Result "1/2-1/2"]
[WhiteElo "2413"]
[BlackElo "2302"]
[TimeControl "180+2"]
[EndTime "13:50:57 PDT"]
[Termination "Game drawn by repetition"]

1. d4 g6 2. e4 Bg7 3. Nc3 c5 4. d5 d6 5. Bb5+ Bd7 6. a4 a6 7. Bd3 e5 8. Nge2 Ne7 9. O-O O-O 10. Ng3 f5 11. exf5 Nxf5 12. Nxf5 Bxf5 13. f3 Nd7 14. Qe2 Nf6 15. Bc4 Kh8 16. a5 Re8 17. g4 Bd7 18. Ne4 Nxe4 19. Qxe4 Rf8 20. Kg2 Qh4 21.
Be3 Bh6 22. Bf2 Qe7 23. Bg3 Bf4 24. Ra3 Rae8 25. Re1 Qg7 26. Rb3 Bc8 27. Rb6 Qc7 28.
Bxf4 Rxf4 29. Qxf4 exf4 30. Rxe8+ Kg7 31. Re4 g5 32. h4 h6 33. h5 Kf7 34. b3 Bd7 35. Kf2 Bc8 36. c3 Bd7 37. Ke2 Bc8 38. Kd3 Bd7 39.
Re6 Bxe6 40. dxe6+ Kf6 41. Bd5 c4+ 42. bxc4 Qc5 43.
Rxb7 Qe3+ 44. Kc2 Qe2+ 45. Kb3 Qd1+ 46. Kb2 Qd2+ 47. Kb3 Qd1+ 48. Kb2 Qd2+ 49. Kb3 Qd1+ 1/2-1/2

[Event "*** MasterClass Titled Tuesday Blitz"]
[Site "Chess.com"]
[Date "2017.07.04"]
[Round "4"]
[White "grobesk"]
[Black "MarshKnight"]
[Result "1-0"]
[WhiteElo "2224"]
[BlackElo "2145"]
[TimeControl "180+2"]
[EndTime "13:51:01 PDT"]
[Termination "grobesk won by checkmate"]

1. e4 e6 2. b3 b6 3. Bb2 Bb7 4. Nc3 Nf6 5. Qe2 d5 6. e5 Nfd7 7. f4 c5 8. Nf3 Nc6 9. g3 Nb4 10.
d3 Be7 11. Bg2 O-O 12. a3 Nc6 13. O-O a6 14. Nd1 b5 15. Nf2 Qb6 16. Kh1 Rae8 17. Ng4 a5 18. h4 a4 19. bxa4 bxa4 20. Rab1 Qc7 21. h5 h6 22. Nh4 Bxh4 23. gxh4 Ba6 24. Rg1 c4 25. Qf2 cxd3 26. Qg3 Kh8 27. Bxd5 f5 28.
Nxh6 Ndxe5 29. Bxc6 Qxc6+ 30. Kh2 Nf3+ 31. Kh3 Nxg1+ 32. Rxg1 Re7 33. Bxg7+ Kh7 34. Qg6# 1-0

[Event "*** MasterClass Titled Tuesday Blitz"]
[Site "Chess.com"]
[Date "2017.07.04"]
[Round "4"]
[White "Adham_Fawzy"]
[Black "Rodalquilar"]
[Result "1-0"]
[WhiteElo "2413"]
[BlackElo "2529"]
[TimeControl "180+2"]
[EndTime "13:51:14 PDT"]
[Termination "Adham_Fawzy won by checkmate"]

1. e4 e5 2. Nf3 Nc6 3. Bb5 a6 4.
Bxc6 dxc6 5. O-O Bg4 6. h3 h5 7. d3 Qf6 8. Be3 Bxf3 9. Qxf3 Qxf3 10. gxf3 Bd6 11. Nd2 Ne7 12. Rfb1 f5 13. Nc4 f4 14. Bd2 g5 15. Kf1 g4 16. Ke2 gxf3+ 17. Kxf3 b5 18. Nxd6+ cxd6 19. Rg1 Kf7 20. Rg5 Rag8 21. Rag1 Rxg5 22. Rxg5 Kf6 23. Rg1 Ng6 24. Ke2 Nf8 25.
f3 Ne6 26. c3 Ng5 27. Be1 h4 28. Rg4 Nxh3 29. Bxh4+ Ke6 30. Kf1 Ng5 31. Bxg5 Rh1+ 32.
Rg1 Rh2 33. Rg2 Rh1+ 34. Kf2 Rb1 35. b3 Ra1 36. a4 Rb1 37. axb5 axb5 38. b4 Rc1 39.
Bh4 Rxc3 40. Rg6+ Kd7 41. Rg7+ Ke6 42. Re7# 1-0

[Event "*** MasterClass Titled Tuesday Blitz"]
[Site "Chess.com"]
[Date "2017.07.04"]
[Round "4"]
[White "evgenysharapov"]
[Black "popov_m"]
[Result "0-1"]
[WhiteElo "2227"]
[BlackElo "2398"]
[TimeControl "180+2"]
[EndTime "13:51:15 PDT"]
[Termination "popov_m won on time"]

1. e4 g6 2. d4 Bg7 3. Nc3 d6 4. f4 Nf6 5. Nf3 O-O 6. Bd3 Na6 7. O-O c5 8. d5 Bg4 9. h3 Bxf3 10. Rxf3 Nc7 11.
Qe2 a6 12. a4 b5 13. axb5 axb5 14. Rxa8 Qxa8 15. Nxb5 Nxb5 16. Bxb5 Rb8 17. Ra3 Qb7 18.
c4 e6 19. e5 dxe5 20. fxe5 Nxd5 21. cxd5 Qxd5 22. Bc4 Qd4+ 23. Kh1 Bxe5 24. b3 Qc3 25. Be3 Rd8 26. Bg1 Rd2 27. Ra8+ Kg7 28. Qf1 Bd6 29. Ra7 Qf6 30. Qxf6+ Kxf6 0-1

[Event "*** MasterClass Titled Tuesday Blitz"]
[Site "Chess.com"]
[Date "2017.07.04"]
[Round "4"]
[White "Zufi1811"]
[Black "evgenyermolaev"]
[Result "1-0"]
[WhiteElo "2383"]
[BlackElo "2303"]
[TimeControl "180+2"]
[EndTime "13:51:19 PDT"]
[Termination "Zufi1811 won by resignation"]

1. e4 c5 2. Nf3 d6 3. d4 cxd4 4.
Nxd4 Nf6 5. Nc3 a6 6. h3 e5 7. Nb3 Be7 8. Be3 Be6 9. Qf3 Nbd7 10. O-O-O Rc8 11. Nd5 Bxd5 12. exd5 O-O 13. Kb1 Qc7 14. c3 Nb6 15. Bxb6 Qxb6 16. Bd3 a5 17. Nd2 Rxc3 18.
Bxh7+ Nxh7 19. Qxc3 Qxf2 20. Qxa5 Qxg2 21. Rhg1 Qxh3 22.
Qc7 Bg5 23. Ne4 Qf5 24. Qc2 Rc8 25. Nf6+ Qxf6 26. Qxc8+ Nf8 27. Rdf1 Qg6+ 28. Qf5 Qxf5+ 29.
Rxf5 Bf4 30. Rf6 Ng6 31. Rxd6 e4 32. Rdxg6 fxg6 33. Rxg6 Kf7 34. Re6 e3 35. Kc2 g5 36.
Kd3 g4 37. Re4 1-0

[Event "*** MasterClass Titled Tuesday Blitz"]
[Site "Chess.com"]
[Date "2017.07.04"]
[Round "4"]
[White "politeplayer"]
[Black "Bad4life"]
[Result "1-0"]
[WhiteElo "2176"]
[BlackElo "2269"]
[TimeControl "180+2"]
[EndTime "13:51:19 PDT"]
[Termination "politeplayer won by resignation"]

1. e4 c5 2. Nf3 d6 3. d4 cxd4 4. Nxd4 Nf6 5. Nc3 g6 6. Be3 Bg7 7. f3 O-O 8. Qd2 Nc6 9. Bc4 Bd7 10. O-O-O Rc8 11. Bb3 Ne5 12. h4 h5 13. Bh6 Rxc3 14. bxc3 Qa5 15. Bxg7 Kxg7 16. g4 Rc8 17. g5 Ne8 18. f4 Nc4 19. Bxc4 Rxc4 20. Nb3 Qa3+ 21. Kb1 Ra4 22. f5 Qxa2+ 23. Kc1 Qa3+ 24. Kb1 Nc7 25.
f6+ Kh7 26. fxe7 Nb5 27. Rdf1 Qa2+ 28. Kc1 Be8 29. Qd5 Qa3+ 30. Kd2 Kg7 31. Ra1 Qb2 32. Rxa4 Qxc3+ 33. Kc1 Bc6 34. Qc4 Qe3+ 35. Kb1 Qf3 36. Rf1 Nc3+ 37. Ka1 Qe3 38. Qxf7+ 1-0

[Event "*** MasterClass Titled Tuesday Blitz"]
[Site "Chess.com"]
[Date "2017.07.04"]
[Round "4"]
[White "aNaartjieZA"]
[Black "NMJeevanK"]
[Result "1/2-1/2"]
[WhiteElo "2317"]
[BlackElo "2342"]
[TimeControl "180+2"]
[EndTime "13:51:20 PDT"]
[Termination "Game drawn by agreement"]

1. e4 e5 2. Nf3 Nc6 3. Bb5 a6 4. Ba4 Nf6 5. O-O Be7 6. Re1 b5 7. Bb3 d6 8. c3 O-O 9. h3 Na5 10. Bc2 c5 11. d3 Qc7 12. Nbd2 Ne8 13. Nf1 f5 14. exf5 Bxf5 15. Ng3 Be6 16. d4 cxd4 17. cxd4 Rc8 18. Bb1 Bf6 19. d5 Bf7 20. Bf5 Rb8 21. Bg5 Qb7 22. Be4 h6 23. Be3 Nc4 24. b3 Nb6 25. Bxb6 Qxb6 26. Qd3 Rc8 27. Rac1 Rc5 28. b4 Rxc1 29. Rxc1 a5 30. Rc6 Qa7 31. Qxb5 axb4 32. Ra6 Nc7 33. Rxa7 Nxb5 34. Rb7 Nc3 35. Rxb4 Nxe4 36.
Nxe4 Bxd5 37. Nxd6 Be7 38. Rb6 Bxf3 39. gxf3 Rxf3 40. Rb8+ Kh7 41. Nc4 Bc5 42. Rb2 e4 43. Re2 Rxh3 44. Rxe4 Rc3 45. a4 Rc2 46. Ne3 Ra2 47. Rc4 Ba7 48. Kf1 h5 49. Re4 Kh6 50.
Nf5+ Kg5 51. Nxg7 Rxf2+ 52. Ke1 Ra2 53. Re7 Bc5 54. Re5+ Kf6 55. Rxc5 Kxg7 56. Rxh5 Rxa4 1/2-1/2

[Event "*** MasterClass Titled Tuesday Blitz"]
[Site "Chess.com"]
[Date "2017.07.04"]
[Round "4"]
[White "michaelk123"]
[Black "kleinebeer98"]
[Result "1-0"]
[WhiteElo "2282"]
[BlackElo "2425"]
[TimeControl "180+2"]
[EndTime "13:51:25 PDT"]
[Termination "michaelk123 won by resignation"]

1. e4 e5 2. Nf3 Nc6 3. Bb5 f5 4. d3 fxe4 5. dxe4 Nf6 6. Qd3 d6 7. Qc4 Bd7 8. O-O a6 9. Bxc6 Bxc6 10. Nc3 h6 11. Nh4 Qd7 12. Ng6 Rg8 13. f4 Qf7 14. Qxf7+ Kxf7 15. Nxe5+ dxe5 16. fxe5 Bc5+ 17. Kh1 Raf8 18.
exf6 Ke6 19. Nd5 Bxd5 20. exd5+ Kxd5 21. Bd2 Rxf6 22. Rxf6 gxf6 23. Bxh6 Re8 24. Rd1+ Kc6 25. g3 b5 26. Bf4 a5 27. b3 a4 28. bxa4 bxa4 29.
Rd2 Re1+ 30. Kg2 Ra1 31. c3 a3 32. h4 Bd6 33. Bxd6 cxd6 34. h5 Rc1 35. h6 Rb1 36. h7 Rb8 37. Kf3 Kc5 38. Ke4 Rh8 39. Rh2 Kc4 40. Kf5 Kxc3 41. Kxf6 d5 42. Kg7 1-0

[Event "*** MasterClass Titled Tuesday Blitz"]
[Site "Chess.com"]
[Date "2017.07.04"]
[Round "4"]
[White "JammyDodger91"]
[Black "GM_dmitrij"]
[Result "1/2-1/2"]
[WhiteElo "2295"]
[BlackElo "2492"]
[TimeControl "180+2"]
[EndTime "13:51:28 PDT"]
[Termination "Game drawn - insufficient material"]

1. e4 e5 2. Nf3 Nc6 3. Bb5 f5 4.
Nc3 fxe4 5. Nxe4 Nf6 6. Qe2 d5 7. Nxf6+ gxf6 8. d4 Bg7 9. dxe5 O-O 10. Bxc6 bxc6 11.
e6 Re8 12. O-O Bxe6 13. Qd3 Qd7 14. Be3 Bg4 15. Bc5 Qf5 16. Qxf5 Bxf5 17. Nd4 Bd7 18. Rfe1 a6 19. Kf1 Bf8 20. Nb3 Bf5 21. Bxf8 Kxf8 22. Nd4 Bd7 23. b4 Rxe1+ 24. Rxe1 a5 25. a3 axb4 26.
axb4 Ra4 27. c3 c5 28. bxc5 Rc4 29. Ne6+ Bxe6 30. Rxe6 Rxc5 31. Rxf6+ Kg7 32. Rf3 Ra5 33. Ke2 c5 34. Ke3 Ra4 35. Rf5 Ra3 36. Kd3 Ra2 37. g4 c4+ 38. Kd4 Rd2+ 39. Kc5 Rd3 40.
Rxd5 Rxc3 41. Rd4 Rf3 42. Rxc4 Rxf2 43. h4 Rh2 44. g5 Kg6 45. Kd5 Kh5 46. Ke6 Rxh4 47.
Rxh4+ Kxh4 48. Kf6 Kh5 49. Kf5 Kh4 50. g6 hxg6+ 51.
Kxg6 1/2-1/2

[Event "*** MasterClass Titled Tuesday Blitz"]
[Site "Chess.com"]
[Date "2017.07.04"]
[Round "4"]
[White "CraiggoryC"]
[Black "latigre"]
[Result "1-0"]
[WhiteElo "2065"]
[BlackElo "1767"]
[TimeControl "180+2"]
[EndTime "13:51:33 PDT"]
[Termination "CraiggoryC won by resignation"]

1. e4 e5 2. Nf3 Nc6 3. Bb5 a6 4. Ba4 Nf6 5. O-O b5 6. Bb3 Be7 7. d3 O-O 8. Nc3 d6 9. a3 Nb8 10. h3 Nbd7 11. Nd5 c6 12. Nxe7+ Qxe7 13. Nh4 Nc5 14.
Ba2 Be6 15. Nf5 Bxf5 16. exf5 d5 17. Bg5 Qd6 18. Qf3 a5 19. Qg3 Kh8 20. d4 Nfe4 21. dxc5 Nxg3 22. cxd6 Nxf1 23. Kxf1 f6 24. Be3 d4 25.
Bd2 Rfd8 26. f4 Rxd6 27. Re1 Re8 28. fxe5 Rxe5 29. Bf4 Rxe1+ 30. Kxe1 Rd7 31. Kd2 c5 32. Be6 Rb7 33. Kd3 g6 34. g4 gxf5 35. gxf5 Kg7 36. Bd6 b4 37. Bxc5 bxa3 38. Bxa3 Rb5 39. Kxd4 Re5 40.
c4 Re1 41. c5 Kf8 42. c6+ Ke8 43. c7 Rd1+ 44. Ke3 Rc1 45. c8=Q+ Rxc8 46. Bxc8 1-0

[Event "*** MasterClass Titled Tuesday Blitz"]
[Site "Chess.com"]
[Date "2017.07.04"]
[Round "4"]
[White "FearlessKing64"]
[Black "merillium"]
[Result "0-1"]
[WhiteElo "2163"]
[BlackElo "2331"]
[TimeControl "180+2"]
[EndTime "13:51:33 PDT"]
[Termination "merillium won by resignation"]

1. e4 c5 2. Nf3 e6 3. c4 Nc6 4.
Nc3 g5 5. h3 Bg7 6. d3 h6 7.
Be3 Nd4 8. e5 d6 9. exd6 Qxd6 10.
Nxd4 cxd4 11. Nb5 Qd8 12. Qa4 Bd7 13. Bd2 a6 14. Nd6+ Kf8 15. Qa3 Ne7 16. Nxb7 Qb6 17.
Nc5 Bc6 18. Bb4 a5 19. Nxe6+ fxe6 20. Bxe7+ Kf7 21. Bc5 Qb7 22. f3 Be5 23. Be2 Bg3+ 24. Kd1 Rhd8 25. Rf1 Rab8 26. b3 Ra8 27. Qb2 e5 28. a3 Rab8 29. Kc2 Ba4 30. Rab1 Bc6 31. Bd1 Bf4 32. Rg1 Kg7 33. g3 Be3 34. Rg2 Bxf3 35. Bxf3 Qxf3 36. Rh2 Qxg3 37. Rbh1 Kh7 38. Kb1 Bf4 39.
Rg2 Qxd3+ 40. Ka2 a4 41. b4 Qxc4+ 42. Ka1 Rdc8 43. Rc2 Qd3 44. h4 Qg6 45. hxg5 Bxg5 46. Bxd4 Rxc2 47. Qxc2 Qxc2 0-1

[Event "*** MasterClass Titled Tuesday Blitz"]
[Site "Chess.com"]
[Date "2017.07.04"]
[Round "4"]
[White "spirals5"]
[Black "Tesla37"]
[Result "0-1"]
[WhiteElo "2365"]
[BlackElo "2629"]
[TimeControl "180+2"]
[EndTime "13:51:35 PDT"]
[Termination "Tesla37 won by resignation"]

1. e4 c5 2. Nc3 a6 3. a4 e6 4. g3 d5 5. Bg2 d4 6. Nce2 e5 7. d3 Bd6 8. Nf3 Nc6 9. O-O f6 10. Nh4 Nge7 11. f4 Be6 12. fxe5 Bxe5 13. Bf4 Qd7 14.
Bxe5 fxe5 15. Qd2 O-O-O 16. b3 h6 17. Rf2 g5 18. Nf5 Nxf5 19. exf5 Bxf5 20. Bxc6 bxc6 21. Qa5 Bh3 22. Qxa6+ Qb7 23. Qxb7+ Kxb7 24. Re1 Rhf8 25. g4 Bxg4 26. Rxf8 Rxf8 27. Ng3 Kb6 28. Rxe5 Bh3 29. Re2 Ka5 30. Rf2 Rxf2 31. Kxf2 Kb4 32. Ke1 Bg4 33.
Kd2 Be6 34. Ne4 Bd5 35. a5 Kxa5 36. Nxc5 h5 37. Nd7 h4 38. Ne5 Kb4 39. h3 Kc5 40. c3 dxc3+ 41. Kxc3 Kd6 42. d4 Ke6 43. Kd3 Bg2 44. Ke3 Bxh3 45. Nxc6 Bg2 46. Ne5 Kf5 47. b4 g4 48. Kf2 Bd5 49. b5 g3+ 50. Kf1 h3 51. b6 h2 0-1

[Event "*** MasterClass Titled Tuesday Blitz"]
[Site "Chess.com"]
[Date "2017.07.04"]
[Round "4"]
[White "kharov2001"]
[Black "1lec"]
[Result "1-0"]
[WhiteElo "2050"]
[BlackElo "2083"]
[TimeControl "180+2"]
[EndTime "13:51:36 PDT"]
[Termination "kharov2001 won by resignation"]

1. e4 c6 2. d4 d5 3. e5 Bf5 4. Ne2 c5 5. Ng3 Bg6 6. e6 fxe6 7. h4 h6 8. Bd3 Bf7 9. dxc5 Nf6 10.
Bf4 Nc6 11. Qe2 Qa5+ 12. Nd2 Qxc5 13. O-O g6 14. Nf3 Bg7 15. Ne5 Nxe5 16. Bxe5 O-O 17.
Rae1 Qb4 18. f4 h5 19. a3 Qb6+ 20. Kh1 Ng4 21. b3 Rac8 22. Bxg7 Kxg7 23. Qf3 Qd4 24. Ne2 Qe3 25. a4 Qxf3 26. Rxf3 e5 27. fxe5 Nxe5 28. Re3 Ng4 29. Rxe7 Rfe8 30. Rxb7 Nf2+ 31. Kg1 Nxd3 32.
cxd3 Rc2 33. Kf1 Kg8 34. Nf4 Rec8 35. Ree7 Rf8 36. Ke1 Rcc8 37. Nxg6 Rfe8 38. Ne5 Rxe7 39. Rxe7 Re8 40. Rxe8+ Bxe8 41. Kd2 1-0

[Event "*** MasterClass Titled Tuesday Blitz"]
[Site "Chess.com"]
[Date "2017.07.04"]
[Round "4"]
[White "cstefan"]
[Black "ehrenfeld"]
[Result "1-0"]
[WhiteElo "2317"]
[BlackElo "2409"]
[TimeControl "180+2"]
[EndTime "13:51:37 PDT"]
[Termination "cstefan won on time"]

1. Nf3 d6 2. g3 e5 3. d3 f5 4. Bg2 Nf6 5. O-O Be7 6. a4 O-O 7. e4 Nc6 8. c3 Qe8 9. exf5 Bxf5 10. Na3 Kh8 11. Nc4 Qh5 12. Ne3 Bd7 13. Nd2 Qg6 14.
Ne4 Ng4 15. Nd5 Bd8 16. h3 Nf6 17. Nexf6 gxf6 18. b4 Rb8 19. Be3 a6 20. d4 Ne7 21.
Nxe7 Bxe7 22. Rc1 Be6 23. Qe2 Rbe8 24. Bxb7 Bxh3 25. Rfe1 f5 26. dxe5 dxe5 27. Qxa6 Bd6 28. Qd3 h5 29. Kh2 Bg4 30. a5 h4 31. Rh1 Rf7 32.
Kg2 Rh7 33. Bc6 Rg8 34. a6 h3+ 35. Kf1 e4 36. Qd4+ Rhg7 37. a7 f4 38. gxf4 Qh5 39. Qxe4 h2 40. Bd4 1-0

[Event "*** MasterClass Titled Tuesday Blitz"]
[Site "Chess.com"]
[Date "2017.07.04"]
[Round "4"]
[White "Cryptochess"]
[Black "Gabrielian_Artur"]
[Result "1/2-1/2"]
[WhiteElo "2493"]
[BlackElo "2549"]
[TimeControl "180+2"]
[EndTime "13:51:47 PDT"]
[Termination "Game drawn - insufficient material"]

1. e4 c5 2. Nc3 d6 3. g3 Nc6 4. Bg2 g6 5. d3 Bg7 6. Be3 Nf6 7.
h3 O-O 8. Qd2 Rb8 9. Nge2 b5 10.
a3 a5 11. O-O b4 12. axb4 axb4 13. Nd1 Nd7 14. Bh6 e5 15. Bxg7 Kxg7 16. Ne3 Nd4 17. f4 f6 18. Ra7 Rb7 19. Ra6 Rb6 20. Ra7 Ra6 21. Ra1 Rxa1+ 22. Rxa1 Nb6 23. Ra7+ Rf7 24. Rxf7+ Kxf7 25. c3 bxc3 26. bxc3 Nxe2+ 27. Qxe2 Kg7 28. d4 cxd4 29. cxd4 exd4 30. Nc2 Qc7 31. Nxd4 Qc5 32. Qf2 Nc4 33. Ne2 Ne3 34. g4 Ba6 35. Ng3 Bd3 36.
Bf3 Nc2 37. Qxc5 dxc5 38. Kf2 c4 39. Be2 Nb4 40. Ke3 Bxe2 41. Nxe2 Nd3 42. h4 Ne1 43. Kd4 Nf3+ 44. Kxc4 Nxh4 45. Kd5 h5 46. gxh5 gxh5 47. Ng3 Kg6 48. e5 fxe5 49. fxe5 Ng2 50. Nxh5 Kxh5 51.
e6 Nf4+ 52. Ke5 Nxe6 1/2-1/2